 Dungeon Crawl Stone Soup version 0.18.1-48-g4cf74bf (webtiles) character file.

172 Gargoyl the Covered (level 5, -1/42 HPs)
             Began as a Demonspawn Abyssal Knight on Sept 6, 2016.
             Was a Believer of Lugonu.
             Succumbed to Duvessa's poison
             ... on level 4 of the Dungeon.
             The game lasted 00:07:14 (3742 turns).

Gargoyl the Covered (Demonspawn Abyssal Knight)     Turns: 3742, Time: 00:07:15

Health: -1/42      AC: 10    Str: 14 (15) XL:     5   Next: 27%
Magic:  7/7        EV: 16    Int: 17 (18) God:    Lugonu [**....]
Gold:   213        SH:  0    Dex: 15 (18) Spells: 0 memorised, 4 levels left

rFire  + . .     SeeInvis .     s - +2 hand axe (flame)
rCold  . . .     Gourm    .     g - +0 ring mail
rNeg   . . .     Faith    .     (no shield)
rPois  .         Spirit   .     j - +1 hat
rElec  .         Dismiss  .     (no cloak)
rCorr  .         Reflect  .     i - +1 pair of gloves
SustAt .         Harm     .     (no boots)
MR     .....                    (no amulet)
Stlth  +.........               (no ring)
                                e - +2 ring of strength

@: brilliant, agile, lethally poisoned (-1 -> -37), glowing, not resistant to
hostile enchantments, very unstealthy
A: molten scales 1, fire resistance 1, flame cloud immunity
a: Depart the Abyss, Bend Space, Renounce Religion


You were on level 4 of the Dungeon.
You worshipped Lugonu.
Lugonu was pleased with you.
You were not hungry.

You visited 1 branch of the dungeon, and saw 4 of its levels.
You visited the Abyss 1 time.

You collected 213 gold pieces.

Inventory:

Hand Weapons
 s - a +2 hand axe of flaming (weapon)
Missiles
 a - 4 tomahawks (quivered)
Armour
 g - a +0 ring mail (worn)
 i - a +1 pair of gloves (worn)
 j - a +1 hat (worn)
Jewellery
 e - a +2 ring of strength (left hand)
Scrolls
 b - a scroll of fear {unknown}
 f - 2 scrolls of brand weapon {unknown}
 h - 6 scrolls of identify {unknown}
 k - 2 scrolls of teleportation {unknown}
 l - a scroll of remove curse {unknown}
 m - a scroll of noise {unknown}
 o - a scroll of enchant weapon {unknown}
 u - a scroll of enchant armour {unknown}
Books
 d - a book of Death

   Spells                             Type                      Level
   a - Corpse Rot                     Necromancy                   2
   b - Sublimation of Blood           Necromancy                   2
   c - Agony                          Necromancy                   5
   d - Dispel Undead                  Necromancy                   5
   e - Excruciating Wounds            Charms/Necromancy            5
   f - Bolt of Draining               Conjuration/Necromancy       5
Comestibles
 c - a bread ration
 r - a slice of pizza
 t - 2 chunks of flesh


   Skills:
 + Level 3.7 Fighting
 + Level 2.3 Axes
 * Level 3.8 Armour
 + Level 1.7 Dodging
 + Level 0.2 Stealth
 + Level 2.7 Invocations


You had 4 spell levels left.
You didn't know any spells.

Dungeon Overview and Level Annotations

Branches:
Dungeon (4/15)
 Temple: D:4-7

Altars:
Kikubaaqudgha
Qazlal

Annotations:
D:4 Dowan, Duvessa


Innate Abilities, Weirdness & Mutations

You are partially covered in molten scales (AC +1).
Your flesh is heat resistant.
You are immune to clouds of flame.


Message History

You feel very sick. Duvessa misses you.
Dowan smirks and points a slender finger.
Dowan hits you but does no damage.
You barely miss Dowan.
Dowan is moderately wounded.
You hit Duvessa but do no damage.
Duvessa is moderately wounded.
* * * LOW HITPOINT WARNING * * *
You feel very sick. Duvessa hits you but does no damage.
You are more poisoned.
Dowan hits you but does no damage.
Unknown command.
Unknown command.
You hit Dowan. You burn Dowan.
Dowan is heavily wounded.
You hit Duvessa but do no damage.
Duvessa is moderately wounded.
You die...

.# . ##. #.# #.#
####.#
####....#####
###.....#.#...###
#...#####..@e...#
#....<#
##.e......#
#.....#
#.........
#.....#
##........
#.....# #........
#.....# #........
#.....# #........
#.....# #........
#.....#


You could see Duvessa and Dowan.

Vanquished Creatures
  4 gnolls (D:3)
  4 adders
  2 oozes
  2 worms (D:3)
  2 dart slugs
  A giant gecko (D:3)
  4 orcs (D:3)
  5 giant cockroaches
  6 hobgoblins
  11 jackals
  A quokka (D:3)
  7 bats
  6 giant newts
  10 goblins
  5 kobolds
  7 rats
77 creatures vanquished.

Notes
Turn   | Place    | Note
--------------------------------------------------------------
     0 | Abyss:1  | Gargoyl the Demonspawn Abyssal Knight began the quest for the Orb.
     0 | Abyss:1  | Reached XP level 1. HP: 18/18 MP: 2/2
   100 | Abyss:1  | Noticed a small abomination
   139 | Abyss:3  | Found a corrupted altar of Lugonu.
   141 | Abyss:3  | Noticed a flayed ghost
   165 | Abyss:3  | Noticed an iron imp
   185 | Abyss:3  | Noticed a raiju
   185 | Abyss:3  | Noticed a raiju
   185 | Abyss:3  | Noticed a raiju
   187 | Abyss:3  | Noticed a sixfirhy
   188 | D:1      | Escaped the Abyss
   196 | D:1      | Noticed a komodo dragon
   196 | D:1      | Noticed a worker ant
   197 | D:1      | Noticed a frost giant
   554 | D:1      | Reached * piety under Lugonu
   600 | D:1      | Gained mutation: Your flesh is heat resistant. [demonic ancestry]
   600 | D:1      | Reached XP level 2. HP: 24/24 MP: 3/3
   824 | D:1      | Reached skill level 1 in Dodging
  1397 | D:2      | Reached XP level 3. HP: 29/29 MP: 5/5
  1881 | D:2      | Reached ** piety under Lugonu
  2074 | D:2      | Found a stormy altar of Qazlal.
  2283 | D:3      | Gained mutation: You are partially covered in molten scales (AC +1). [demonic ancestry]
  2283 | D:3      | Reached XP level 4. HP: 23/35 MP: 6/6
  2774 | D:3      | Found an ancient bone altar of Kikubaaqudgha.
  3194 | D:3      | Gained mutation: You are immune to clouds of flame. [demonic ancestry]
  3194 | D:3      | Reached XP level 5. HP: 30/41 MP: 7/7
  3725 | D:4      | Noticed Dowan
  3727 | D:4      | Noticed Duvessa
  3741 | D:4      | HP: 2/42 [poisoned by Duvessa]
  3742 | D:4      | Succumbed to Duvessa's poison

Skill      XL: |  1  2  3 |
---------------+----------+-----
Axes           | 2 |  2.3
Armour         | 2 3 |  3.8
Dodging        | 1 |  1.7
Fighting       | |  3.7
Stealth        | |  0.2
Invocations    | |  2.7

Action                   |  1- 3 |  4- 6 || total
-------------------------+-------+-------++-------
Melee: Hand axe          |   142 |   122 ||   264
Invok: Depart the Abyss  |     1 |       ||     1
  Use: Potion            |     3 |     4 ||     7
  Eat: Chunk             |     5 |     4 ||     9
Armor: Leather armour    |    10 |       ||    10
       Ring mail         |    78 |    70 ||   148
Dodge: Dodged            |   132 |    74 ||   206
